 Dungeon Crawl Stone Soup version 0.29-a0-330-g52719c12eb (webtiles) character file.

Game seed: 4130868153350270609

64 Iscandelvey the Vexing (level 3, -4/27 HPs)
             Began as a Demonspawn Arcane Marksman on Apr 26, 2022.
             Slain by a hobgoblin (6 damage)
             ... led by Robin
             ... on level 2 of the Dungeon.
             The game lasted 00:04:01 (2364 turns).

Iscandelvey the Vexing (Demonspawn Arcane Marksman) Turns: 2364, Time: 00:04:01

Health: -4/27      AC:  4    Str: 10    XL:     3   Next: 91%
Magic:  4/5        EV: 12    Int: 16    God:
Gold:   130        SH:  0    Dex: 13    Spells: 4/5 levels left

rFire   . . .      SeeInvis .   a - +0 hunting sling
rCold   . . .      Faith    .   (no shield)
rNeg    . . .      Spirit   .   b - +0 robe
rPois   .          Reflect  .   f - +2 hat
rElec   .          Harm     .   (no cloak)
rCorr   .          Rampage  .   (no gloves)
Will    .....                   (no boots)
Stlth   +.........              (no amulet)
HPRegen 0.09/turn               (no ring)
MPRegen 0.09/turn               (no ring)

@: no status effects
A: powered by pain 1
a: no special abilities


You were on level 2 of the Dungeon.
You visited 1 branch of the dungeon, and saw 2 of its levels.

You collected 130 gold pieces.

Inventory:

Hand Weapons
 a - a +0 hunting sling (weapon)
Armour
 b - a +0 robe (worn)
 f - a +2 hat (worn)
Scrolls
 c - a scroll of vulnerability
 d - 2 scrolls of teleportation {unknown}
 g - a scroll of fog {unknown}
 h - a scroll of fear {unknown}
 k - a scroll of silence {unknown}
 l - a scroll of blinking {unknown}
 n - 3 scrolls of identify {unknown}
 p - a scroll of enchant weapon {unknown}
Potions
 e - a potion of mutation {unknown}
 i - a potion of cancellation {unknown}
 j - a potion of attraction {unknown}
 m - 3 potions of curing {unknown}
 o - a potion of invisibility {unknown}
 q - a potion of heal wounds {unknown}
 r - a potion of haste {unknown}


   Skills:
 - Level 1.8 Fighting
 - Level 2.2 Slings
 + Level 0.0(1.2) Throwing
 + Level 0.0 Armour
 + Level 2.2 Dodging
 + Level 0.0 Stealth
 * Level 1.7 Spellcasting
 * Level 3.5 Hexes


You had 4 spell levels left.
You knew the following spells:

 Your Spells              Type           Power      Damage    Failure   Level
a - Slow                  Hex            48%        N/A       4%          1

Your spell library contained the following spells:

 Spells                   Type           Power      Damage    Failure   Level
 Pain                     Necr           4%         1d4       22%         1
 Inner Flame              Hex/Fire       7%         N/A       30%         3
 Portal Projectile        Hex/Tloc       14%        N/A       30%         3
 Cause Fear               Hex            6%         N/A       45%         4
 Agony                    Necr           1%         N/A       99%         5
 Excruciating Wounds      Necr           0%         N/A       99%         5


Dungeon Overview and Level Annotations

Branches:
Dungeon (2/15)

Altars:

Annotations:
D:2 Robin, Sigmund


Innate Abilities, Weirdness & Mutations

You sometimes gain a little power by taking damage.


Message History

Robin points. "Kill!"
You shoot a sling bullet.
The sling bullet hits the hobgoblin but does no damage.
Robin throws the goblin at you! The goblin hits you with a +0 dagger.
The hobgoblin hits you but does no damage.
The goblin hits you with a +0 dagger.
The hobgoblin hits you but does no damage.
You are too injured to fight recklessly!
Fire: a) +0 hunting sling
Press: ? - help, Q - select action, (/) - cycle Shift-Dir - straight line, f - goblin, p - hobgoblin
Aim: a goblin, wielding a +0 dagger (45% to hit)
You shoot a sling bullet. The sling bullet hits the goblin.
You kill the goblin!
The hobgoblin barely misses you.
Robin roars a battlecry!
The hobgoblin goes into a battle-frenzy!
You hear a shout! x2
The hobgoblin attacks as you move away! The hobgoblin hits you.
You see here a +0 dagger.
A goblin comes into view. It is wielding a +0 dagger.
The hobgoblin attacks as you move away! The hobgoblin misses you.
Casting: Slow (safe; 4% risk of failure)
Confirm with . or Enter, or press ? or * to list all spells.
Aiming: Slow (safe; 4% risk of failure)
Press: ? - help, Shift-Dir - straight line, f - hobgoblin
Aim: a hobgoblin (strong, chance to affect: 68%)
Okay, then.
Robin roars a battlecry!
Robin roars a battlecry!
The hobgoblin attacks as you move away! The hobgoblin hits you.
* * * LOW HITPOINT WARNING * * *
The hobgoblin attacks as you move away! The hobgoblin hits you.
* * * LOW HITPOINT WARNING * * *
Casting: Slow (safe; 4% risk of failure)
Confirm with . or Enter, or press ? or * to list all spells.
Aiming: Slow (safe; 4% risk of failure)
Press: ? - help, Shift-Dir - straight line, f - hobgoblin
Aim: a hobgoblin (strong, chance to affect: 68%)
The hobgoblin struggles to resist.
The hobgoblin hits you.
You die...

... ##### ###
##...##
#########.....####
#.................
#.#######.....####
#.# ##...## # #.#
########## #@#
#.>......[ #g#
#.######## #.# #
#.# #g## #..# ##.#
#g# #.#


You could see Robin, a hobgoblin (strong) and a goblin (strong).

Vanquished Creatures
  An adder (D:2)
  A gnoll (D:1)
  A worm (D:2)
  3 dart slugs (D:1)
  3 bats
  4 endoplasms
  A giant cockroach (D:1)
  4 goblins
  4 hobgoblins
  A jackal (D:1)
  2 quokkas (D:1)
  2 ball pythons (D:1)
  2 frilled lizards (D:1)
  5 kobolds
  A rat (D:1)
35 creatures vanquished.

Notes
Turn   | Place    | Note
-------+----------+-------------------------------------------
     0 | D:1      | Iscandelvey the Demonspawn Arcane Marksman began the quest
                  | for the Orb.
     0 | D:1      | Reached XP level 1. HP: 15/15 MP: 2/2
   338 | D:1      | Gained mutation: You sometimes gain a little power by
                  | taking damage. [demonic ancestry]
   338 | D:1      | Reached XP level 2. HP: 20/21 MP: 3/3
   833 | D:1      | Reached XP level 3. HP: 22/26 MP: 5/5
  1307 | D:2      | Found a faded altar of an unknown god.
  1962 | D:2      | Noticed Sigmund
  2344 | D:2      | Noticed Robin
  2364 | D:2      | Slain by a hobgoblin

Illustrated notes

Levels and vault maps discovered:
D:1:      shiori_shiawase, layout_basic, minmay_tetromino_l4
D:2:      layout_loops_ring, ebering_ecumenical_altar_abandoned, uniq_sigmund,
          uniq_robin

Skill      XL: |  1  2 |
---------------+-------+-----
Slings         | 2 |  2.2
Dodging        | 2 |  2.2
Fighting       | |  1.8
Spellcasting   | |  1.7
Hexes          | |  3.5

Action                   || total
-------------------------++-------
 Fire: Hunting sling     ||   175
 Cast: Slow              ||    13
Armor: Robe              ||    26
Dodge: Dodged            ||    69

Table legend: (Time is in decaauts)
 A = Elapsed time spent in this place.
 B = Non-inter-level travel time spent in this place.
 C = Inter-level travel time spent in this place.
 D = Time resting spent in this place.
 E = Time spent auto-exploring this place.
 F = Levels seen in this place.
 G = Mean time per level.
                   A        B        C        D        E       F      G
               +--------+--------+--------+--------+--------+-----+--------+
         Total |   2433 |   2377 |     56 |    362 |   1549 |   2 | 1216.5 |
       Dungeon |   2433 |   2377 |     56 |    362 |   1549 |   2 | 1216.5 |
               +--------+--------+--------+--------+--------+-----+--------+

Top non-repeatable levels by time:
     D:1: 1405 daAuts
     D:2: 1028 daAuts
